 Dungeon Crawl Stone Soup version 0.27-a0-1302-g7736ffe575 (webtiles) character file.

Game seed: 14184403048597731809

387 Ijustatesigmund the Chopper (level 6, -3/50 HPs)
             Began as a Demonspawn Fighter on June 18, 2021.
             Slain by Pikel (5 damage)
             ... on level 4 of the Dungeon.
             The game lasted 00:04:17 (3724 turns).

Ijustatesigmund the Chopper (Demonspawn Fighter)    Turns: 3724, Time: 00:04:18

Health: -3/50      AC: 15    Str: 17    XL:     6   Next: 49%
Magic:  6/6        EV:  2    Int:  9    God:
Gold:   116        SH: 11    Dex: 14    Spells: 5/5 levels left

rFire    . . .     SeeInvis .   a - +0 war axe
rCold    . . .     Faith    .   c - +2 kite shield
rNeg     . . .     Spirit   .   b - +3 plate armour
rPois    .         Reflect  .   (no helmet)
rElec    .         Harm     .   (no cloak)
rCorr    .         Rampage  .   j - +0 pair of gloves
Will     .....                  (no boots)
Stlth    ..........             (no amulet)
HPRegen  0.16/turn              (no ring)
MPRegen  0.20/turn              (no ring)

@: no status effects
A: hooves 2, magic regeneration, condensation shield
a: no special abilities


You were on level 4 of the Dungeon.
You visited 1 branch of the dungeon, and saw 4 of its levels.

You collected 116 gold pieces.

Inventory:

Hand Weapons
 a - a +0 war axe (weapon)
Missiles
 o - 2 atropa-tipped darts (quivered)
Armour
 b - a +3 plate armour (worn)
 c - a +2 kite shield (worn)
 j - a +0 pair of gloves (worn)
Jewellery
 f - a +6 ring of intelligence
Wands
 p - a wand of flame (13)
Scrolls
 e - a scroll of fear
Potions
 d - 2 potions of might
 g - 2 potions of resistance {unknown}
 h - 2 potions of brilliance
 i - a potion of curing {unknown}
 l - a potion of berserk rage {unknown}
 n - 3 potions of flight


   Skills:
 + Level 4.8 Fighting
 * Level 5.3 Axes
 - Level 2.6 Armour
 - Level 2.6 Shields


You had 5 spell levels left.
You didn't know any spells.
Your spell library was empty.

Dungeon Overview and Level Annotations

Branches:
Dungeon (4/15)             Temple (0/1) D:4

Altars:

Annotations:
D:4 Pikel


Innate Abilities, Weirdness & Mutations

You have hoof-like feet.
You regenerate magic rapidly.
A meltable shield of frost defends you. (SH +0)


Message History

Pikel is heavily wounded.
You closely miss the lemure. You block the lemure's attack.
Pikel hits you but does no damage.
You barely miss Pikel. Your kick misses Pikel.
Pikel is heavily wounded.
You completely miss the lemure. You block the lemure's attack.
Pikel hits you with a +1 whip of flaming!
Pikel burns you. The lemure hits you but does no damage.
You block Pikel's attack.
You miss Pikel. Your kick misses Pikel.
Pikel is heavily wounded.
You miss the lemure. You block the lemure's attack.
Pikel says, "You'll feel the lick of my whip!"
Pikel hits you with a +1 whip of flaming.
Pikel burns you. You block the lemure's attack.
You barely miss Pikel.
Pikel is heavily wounded.
You barely miss the lemure. Pikel waves his whip at you.
Pikel hits you with a +1 whip of flaming.
Pikel burns you. You block the lemure's attack.
Pikel hits you with a +1 whip of flaming.
* * * LOW HITPOINT WARNING * * *
Pikel burns you.
* * * LOW HITPOINT WARNING * * *
You hit Pikel but do no damage.
Pikel is heavily wounded.
You hit the lemure but do no damage. The lemure hits you but does no damage.
You block Pikel's attack.
You hit Pikel. Your kick misses Pikel.
Pikel is heavily wounded.
You hit the lemure. You block the lemure's attack.
Pikel hits you with a +1 whip of flaming.
* * * LOW HITPOINT WARNING * * *
Pikel burns you.
* * * LOW HITPOINT WARNING * * *
The lemure hits you.
* * * LOW HITPOINT WARNING * * *
Pikel hits you with a +1 whip of flaming.
You die...

.. ##. .. ..#
.. .. # ..
.##.# . .. #..
....#..# ##.#..
5#... .#
......##K#.# .#
#.##..@5..#.[#
.#....>.##†...#
...##.....†##.#
##....##.#....#
...##....#.##.#
#.....#.......#
######
#.##..#.##†##.#
#....#
...........)..#
##....#
#######..###.##


You could see Pikel and 2 lemures.

Vanquished Creatures
  A black bear (D:3)
  A lemure (D:4)
  2 orc priests
  Natasha (thrice) (D:3)
  2 orc wizards (D:4)
  A hound skeleton (D:4)
  2 adders (D:2)
  A worm (D:3)
  2 dart slugs (D:2)
  6 orcs
  5 ball pythons
  11 endoplasms
  2 giant cockroaches
  4 hobgoblins
  5 jackals
  3 quokkas
  3 bats
  3 frilled lizards (D:1)
  5 goblins
  9 kobolds
  6 rats
77 creatures vanquished.

Vanquished Creatures (others)
  15 plants (D:2)
15 creatures vanquished.

Grand Total: 92 creatures vanquished

Notes
Turn   | Place    | Note
-------+----------+-------------------------------------------
     0 | D:1      | Ijustatesigmund the Demonspawn Fighter began the quest for
                  | the Orb.
     0 | D:1      | Reached XP level 1. HP: 18/18 MP: 1/1
    58 | D:1      | Reached skill level 2 in Axes
   163 | D:1      | Gained mutation: You have large cloven feet. [demonic
                  | ancestry]
   163 | D:1      | Reached XP level 2. HP: 14/24 MP: 2/2
  1314 | D:2      | Found a faded altar of an unknown god.
  1360 | D:2      | Reached XP level 3. HP: 29/29 MP: 3/3
  1372 | D:2      | Reached skill level 3 in Axes
  2006 | D:2      | Gained mutation: You regenerate magic rapidly. [demonic
                  | ancestry]
  2006 | D:2      | Reached XP level 4. HP: 37/37 MP: 4/4
  2235 | D:3      | Noticed Natasha
  2246 | D:3      | Killed Natasha
  2315 | D:3      | Noticed Natasha
  2323 | D:3      | Killed Natasha
  2498 | D:3      | Reached skill level 4 in Axes
  2498 | D:3      | Gained mutation: You have hoof-like feet. [demonic
                  | ancestry]
  2498 | D:3      | Reached XP level 5. HP: 22/42 MP: 5/5
  2919 | D:3      | Noticed Natasha
  2928 | D:3      | Killed Natasha
  3181 | D:3      | Noticed a black bear
  3189 | D:3      | Killed a black bear
  3190 | D:3      | Gained mutation: A meltable shield of frost defends you.
                  | (SH +0) [demonic ancestry]
  3190 | D:3      | Reached XP level 6. HP: 44/49 MP: 6/6
  3381 | D:4      | Reached skill level 5 in Axes
  3652 | D:4      | Found a staircase to the Ecumenical Temple.
  3703 | D:4      | Noticed Pikel
  3724 | D:4      | HP: 2/50 [lemure[Pikel] (1)]
  3724 | D:4      | Slain by Pikel

Illustrated notes

Levels and vault maps discovered:
D:1:      mushboom_english_gardens, layout_loops_corners, serial_bayou_crossing
D:2:      layout_loops_cross, chequers_ecumenical_altar_simple_redux,
          serial_bayou_ford_a, amcnicky_mini_rare_corridor_liquid,
          minmay_misc_feat_alley
D:3:      layout_loops_ring, minmay_tree_intersection, eino_curves_03,
          uniq_natasha
D:4:      layout_rooms, old_standard_altar, minmay_temple_entry_ruins,
          portal_sewer_entry_b, chequers_serial_rivers_micro_c, uniq_pikel,
          uniq_sigmund

Skill      XL: |  1  2  3  4  5  6 |
---------------+-------------------+-----
Axes           | 2 3 4 5 |  5.3
Fighting       | 4 |  4.8
Armour         | |  2.6
Shields        | |  2.6

Action                   |  1- 3 |  4- 6 || total
-------------------------+-------+-------++-------
Melee: War axe           |   118 |   123 ||   241
       Kick              |    21 |    36 ||    57
  Use: Scroll            |     2 |     2 ||     4
       Potion            |       |     2 ||     2
Armor: Scale mail        |     6 |       ||     6
       Plate armour      |    55 |   103 ||   158
Dodge: Dodged            |    16 |    12 ||    28
Block: Kite shield       |    62 |    87 ||   149

Table legend: (Time is in decaauts)
 A = Elapsed time spent in this place.
 B = Non-inter-level travel time spent in this place.
 C = Inter-level travel time spent in this place.
 D = Time resting spent in this place.
 E = Time spent auto-exploring this place.
 F = Levels seen in this place.
 G = Mean time per level.
                   A        B        C        D        E       F      G
               +--------+--------+--------+--------+--------+-----+--------+
         Total |   3889 |   3774 |    115 |      0 |   3124 |   4 |  972.2 |
       Dungeon |   3889 |   3774 |    115 |      0 |   3124 |   4 |  972.2 |
               +--------+--------+--------+--------+--------+-----+--------+

Top non-repeatable levels by time:
     D:1: 1361 daAuts
     D:3: 1199 daAuts
     D:2: 911 daAuts
     D:4: 417 daAuts
